Cogmind - Beta 15 @@@ ROGUE MODE // 2025.06.05 @ 22:01:57 Player: Palikka Result: Destroyed by G-73 Enforcer with Phase Gun Performance ------------- Evolutions (9) 4500 Regions Visited (19) 3800 Robots Destroyed (173) 865 Value Destroyed (9290) 9290 Prototype IDs (44) 880 Alien Tech Used (3) 600 Bonus (2780) 2780 TOTAL SCORE: 22715 Bonus ------- Follower Combat Kills 80 Registered with UFD 300 Met Optimus in HQ 500 Met Data Miner 300 Met Warlord at Base 500 MAIN.C Attacked Warlord 500 Warlord Defense Kills 600 Cogmind --------- Core Integrity 0/1600 Matter 290/300 Energy 99/100 System Corruption 59% Temperature Warm (163) Movement Core (50) Location -1/Command Parts ------- > --- POWER (3) -------- (None) > --- PROPULSION (8) --- Centrium Leg > --- UTILITY (12) ----- (None) > --- WEAPON (3) ------- (None) > --- INVENTORY (5) ---- Quantum Rifle Quantum Rifle Compact HERF Cannon KE Penetrator Peak State ------------ > --- POWER ------------ Micro Antimatter Reactor Micro Antimatter Reactor Micro Antimatter Reactor > --- PROPULSION ------- Combat Antigrav System Combat Antigrav System Combat Antigrav System Combat Antigrav System Antigrav Array > --- UTILITY ---------- Advanced Heat Sink Improved Cooling System Huge Storage Unit Advanced Terrain Scan Processor Advanced Targeting Computer Experimental Targeting Computer Advanced Target Analyzer Advanced Transmission Jammer Layered Medium Armor Plating Makeshift Ablative Armor Graphene Brace System Mapper > --- WEAPON ----------- Railgun Hypervelocity Railgun Hypervelocity Railgun > --- INVENTORY -------- Micro Antimatter Reactor Antigrav Array Antigrav Array Medium Storage Unit Improved Matter Compressor Improved Terrain Scanner Layered Medium Armor Plating Experimental Thermal Shield Long-range Tractor Beam Minesniffer Drone Bay Quantum Rifle Heavy Proton Cannon Compact HERF Cannon Heavy Phase Cannon Heavy Phase Cannon Matter Neutralizer Hypervelocity Coil Gun Mass Driver Heavy Gauss Cannon CPS Tube Enhanced Force Lance [Rating: 174] Favorites ----------- Power Improved Deuterium Engine Engine Improved Deuterium Engine Power Core Fission Core Reactor Micro Antimatter Reactor Propulsion Medium Treads Treads Medium Treads Leg Heavy Armored Exoskeleton Wheel Armored Wheel Hover Unit Combat Antigrav System Utility Advanced Targeting Computer Device Improved Terrain Scanner Storage High-capacity Storage Unit Processor Advanced Targeting Computer Hackware System Mapper Protection Hardened Light Armor Plating Weapon Heavy Plasma Cannon Energy Gun Subdweller Laser Energy Cannon Heavy Plasma Cannon Ballistic Gun KE Penetrator Ballistic Cannon Mass Driver Launcher Precision Grenade Launcher Piercing Weapon Enhanced Force Lance Build | -11 -10 -10 -9 -6 -6 -6 -6 -5 -5 -5 -5 -5 -4 -4 -3 -2 -2 -1 -1 ------- Run | Yrd Mat Sub Scr Fac Low Low Dat Pro Fac Upp Upp War Pro Fac Res Res Qua Acc Com Slots Evolved 18 | . . . . 8 . . . . 2 . . . . 2 2 2 . 2 . Power 1 | . . . . 1 . . . . . . . . . . . . . . . Propulsion 6 | . . . . 2 . . . . 1 . . . . . 1 . . 2 . Utility 10 | . . . . 5 . . . . 1 . . . . 1 1 2 . . . Weapon 1 | . . . . . . . . . . . . . . 1 . . . . . Parts Attached 213 | 6 9 3 9 28 7 2 . 3 7 7 5 11 1 19 38 22 6 30 . Power 32 | 1 2 . . 2 1 1 . . . 1 2 1 1 2 5 4 1 8 . Engine 8 | 1 2 . . 1 1 1 . . . . 2 . . . . . . . . Core 2 | . . . . 1 . . . . . 1 . . . . . . . . . Reactor 22 | . . . . . . . . . . . . 1 1 2 5 4 1 8 . Propulsion 53 | 2 2 1 3 7 2 . . . 2 2 3 3 . 5 15 2 1 3 . Treads 25 | 1 1 1 2 7 2 . . . 2 1 3 2 . 1 1 . . 1 . Leg 8 | . . . . . . . . . . . . 1 . 3 1 . 1 2 . Wheel 4 | 1 1 . 1 . . . . . . 1 . . . . . . . . . Hover 16 | . . . . . . . . . . . . . . 1 13 2 . . . Flight . | . . . . . . . . . . . . . . . . . . . . Utility 83 | 1 4 . 2 14 4 . . 2 5 3 . 7 . 7 8 13 . 13 . Device 47 | . 1 . 1 10 3 . . . 1 1 . 5 . 3 2 9 . 11 . Storage 6 | 1 1 . . . . . . . 1 . . . . 1 1 . . 1 . Processor 12 | . . . . 2 . . . 2 2 1 . 1 . . 2 1 . 1 . Hackware 1 | . . . . . . . . . . . . . . . 1 . . . . Protection 17 | . 2 . 1 2 1 . . . 1 1 . 1 . 3 2 3 . . . Artifact . | . . . . . . . . . . . . . . . . . . . . Weapon 45 | 2 1 2 4 5 . 1 . 1 . 1 . . . 5 10 3 4 6 . Energy Gun 7 | 1 1 1 . . . . . . . . . . . . . . 2 2 . Energy Cannon 12 | . . . 1 2 . 1 . . . 1 . . . 2 3 . 2 . . Ballistic Gun 18 | 1 . 1 2 1 . . . 1 . . . . . 2 4 3 . 3 . Ballistic Cannon 3 | . . . . . . . . . . . . . . 1 1 . . 1 . Launcher 3 | . . . 1 2 . . . . . . . . . . . . . . . Special Weapon . | . . . . . . . . . . . . . . . . . . . . Impact Weapon . | . . . . . . . . . . . . . . . . . . . . Slashing Weapon . | . . . . . . . . . . . . . . . . . . . . Piercing Weapon 2 | . . . . . . . . . . . . . . . 2 . . . . Special Melee Weapon . | . . . . . . . . . . . . . . . . . . . . Unidentified Prototypes 20 | . . . . 3 1 . . . 1 . . 6 1 2 4 . 2 . . Corrupted Parts 9 | . . . . . . . . . . . . . . . 3 1 . 5 . System Corruption 63 | . . . . . . . . . . . . . . . 19 5 . 39 . Parts Lost 65 | . . . . 3 . . . . 2 4 2 . . 9 4 19 . 22 . Power 12 | . . . . . . . . . . 2 . . . . . 4 . 6 . Propulsion 20 | . . . . . . . . . 1 2 2 . . 4 3 5 . 3 . Utility 27 | . . . . 3 . . . . 1 . . . . 3 1 8 . 11 . Weapon 6 | . . . . . . . . . . . . . . 2 . 2 . 2 . Highest Loss Streak 14 | . . . . 2 . . . . 1 4 1 . . 3 3 14 . 7 . To Critical Strikes . | . . . . . . . . . . . . . . . . . . . . Average Backups 17 | 5 17 19 17 16 17 18 18 18 18 17 19 19 19 21 22 9 4 4 4 Power . | . 1 1 . . 1 . . . 1 . . . . 1 . . . . . Propulsion 1 | 2 6 4 2 1 1 2 2 2 1 . . . 1 . 2 1 . . . Utility 7 | . 6 8 7 6 8 8 9 9 8 7 10 10 10 10 9 2 2 . . Weapon 6 | 1 4 6 6 6 6 6 6 6 6 7 8 7 7 8 8 4 2 3 4 Tool/Special . | . . . . . . . . . . . . . . . . . . . . Unused Backups 61 | . 12 1 8 6 . . . 2 4 . . 4 . 3 10 9 1 1 . Power 3 | . 1 . 1 . . . . 1 . . . . . . . . . . . Propulsion 12 | . 5 . . 1 . . . . . . . . . 1 3 1 . 1 . Utility 23 | . 4 1 3 2 . . . . 3 . . 2 . 1 5 2 . . . Weapon 22 | . 2 . 4 3 . . . 1 1 . . 2 . 1 2 5 1 . . Tool/Special 1 | . . . . . . . . . . . . . . . . 1 . . . Average Slot Usage (%) 90 | . 91 99 94 93 93 93 82 93 94 97 96 95 93 90 93 90 4 41 3 Engine 6 | . 14 14 13 6 6 10 13 13 10 8 2 1 . . . . . . . Core 1 | . . . . 5 6 2 . . . . 5 1 . . . . . . . Reactor 3 | . . . . . . . . . . . . 3 9 8 10 11 1 6 . Treads 18 | . 3 13 13 25 26 26 26 26 28 27 22 29 27 20 2 . . . . Wheel 3 | . 24 14 13 . . . . . . . 3 . . . . . . . . Hover 2 | . . . . . . . . . . . . . . . 16 19 . . . Device 13 | . . . 2 23 20 20 20 15 11 14 17 15 10 15 13 20 . 12 . Storage 6 | . 14 14 13 6 6 6 6 6 5 5 5 5 5 5 4 4 . 2 . Processor 10 | . . . . 5 6 6 6 10 16 20 23 23 22 20 15 13 . 1 . Protection 5 | . 6 14 10 2 6 6 6 6 5 4 . 1 5 4 6 6 . . . Energy Gun 2 | . 14 14 10 . . . . . . . . . . . . . 1 5 . Energy Cannon 4 | . . . . 5 6 6 1 6 5 6 11 10 11 4 5 . 1 2 . Ballistic Gun 7 | . 14 14 15 6 4 5 1 6 4 3 . . . 10 5 10 . 1 . Peak Build Rating 174 | 7 11 12 20 71 74 73 73 73 85 84 83 104 106 134 162 174 58 174 12 Average Rating 78 | 4 8 11 13 61 71 72 62 71 80 80 78 95 104 118 143 153 18 126 12 On Entrance 60 | . 7 11 12 16 70 73 71 73 72 79 78 83 104 106 125 161 3 58 12 Naked Turns 189 | . . . 115 . . . . . . . . . . . . 12 47 15 . Heaviest Build 179 | 13 53 56 58 90 94 95 93 93 92 93 76 113 119 179 169 145 21 87 . Greatest Support 180 | 20 26 16 16 116 116 112 112 112 139 134 133 133 133 133 90 90 90 180 3 Greatest Overweight (x) 8 | . 3 3 4 . . . . . . . 4 . . 8 3 1 4 . . Average Overweight (x) . | . 1 3 3 . . . . . . . 1 . . . 1 . . . . Largest Inventory Capacity 25 | 8 20 20 20 20 20 20 20 20 20 20 20 20 20 25 25 25 5 5 5 Average Capacity 19 | 6 18 20 19 20 20 20 20 20 20 20 20 20 20 23 25 10 5 5 5 Most Carried 25 | 8 20 20 20 20 20 20 20 20 20 20 20 20 20 25 25 24 5 5 4 Average Carried 18 | 5 17 19 18 19 19 19 20 19 19 18 20 19 19 22 24 10 4 4 4 Final Capacity 25 | 8 20 20 20 20 20 20 20 20 20 20 20 20 20 25 25 5 5 5 5 Final Carried 25 | 8 20 20 20 20 20 20 20 20 18 20 20 20 19 24 25 5 5 4 4 Class Distribution -------------------- 34% | Scavenger-Skirmisher 24% | Mutant 12% | Scavenger-Mutant 10% | Skirmisher 10% | Scavenger-Gunner 3% | Scavenger-Tank Dominant Class ---------------- Mutant | -10/Materials Mutant | -10/Subcaves Mutant | -9/Scraptown Skirmisher | -6/Factory Scavenger-Skirmisher | -6/Lower Caves Scavenger-Mutant | -6/Lower Caves Scavenger-Mutant | -6/Data Miner Scavenger-Skirmisher | -5/Proximity Caves Scavenger-Mutant | -5/Factory Scavenger-Skirmisher | -5/Upper Caves Scavenger-Skirmisher | -5/Upper Caves Scavenger-Skirmisher | -5/Warlord Scavenger-Skirmisher | -4/Proximity Caves Scavenger-Skirmisher | -4/Factory Scavenger-Gunner | -3/Research Scavenger-Gunner | -2/Research Mutant | -2/Quarantine Scavenger-Tank | -1/Access Scavenger-Tank | -1/Command Resources | -11 -10 -10 -9 -6 -6 -6 -6 -5 -5 -5 -5 -5 -4 -4 -3 -2 -2 -1 -1 ----------- Run | Yrd Mat Sub Scr Fac Low Low Dat Pro Fac Upp Upp War Pro Fac Res Res Qua Acc Com Matter Collected 6952 | 272 210 90 90 988 222 97 . 202 367 554 121 150 50 629 838 1367 . 705 . Remotely 1308 | . . . . . . . . . . . . . . . . 731 . 577 . Salvage Created 10713 | 120 392 39 . 933 94 . . 131 652 397 838 258 . 1428 1020 2401 . 2010 . Parts 494 | 7 14 1 . 61 9 . . 9 28 16 15 7 . 55 74 114 . 84 . Haulers Intercepted 5 | . 2 . . 1 . . . . 1 . . . . . . 1 . . . Recyclers Shooed 9 | . . . . 2 . . . . 1 . . . . . 2 1 . 3 . Parts Field Recycled . | . . . . . . . . . . . . . . . . . . . . Retrieved Matter . | . . . . . . . . . . . . . . . . . . . . Parts Self-Destructed 85 | . . 6 . . 11 . . 48 . 10 10 . . . . . . . . Prevented 1 | . . . . . . 1 . . . . . . . . . . . . . Kills | -11 -10 -10 -9 -6 -6 -6 -6 -5 -5 -5 -5 -5 -4 -4 -3 -2 -2 -1 -1 ------- Run | Yrd Mat Sub Scr Fac Low Low Dat Pro Fac Upp Upp War Pro Fac Res Res Qua Acc Com Combat Hostiles Destroyed 147 | . 4 1 . 17 5 . . 4 10 15 8 4 . 21 11 25 . 22 . Melee 2 | . . . . . . . . . . . . . . . . 2 . . . Guns 62 | . 4 1 . 5 . . . 1 3 6 . . . 10 6 18 . 8 . Cannons 51 | . . . . 11 1 . . 3 4 5 7 2 . 6 3 1 . 8 . AOE 11 | . . . . . 4 . . . 3 3 . . . 1 . . . . . Classes Destroyed 21 | 2 3 . . 7 1 . . 1 1 3 . 2 . . . 1 . . . Worker 7 | . 1 . . . . . . . . . . . . . 2 2 . 2 . Builder 10 | . . . . 3 . . . . 1 . . . . 1 . 2 . 3 . Tunneler 3 | 2 1 . . . . . . . . . . . . . . . . . . Hauler 5 | . 2 . . 1 . . . . 1 . . . . . . 1 . . . Recycler 6 | 1 1 . . . . . . . 1 . . . . . 1 1 . 1 . Operator 1 | . . . . 1 . . . . . . . . . . . . . . . Drone 3 | . . . . . . . . 2 . . . . . 1 . . . . . Watcher 4 | . . . . 1 . . . . . . . . . 1 . 2 . . . Swarmer 19 | . . . . 4 4 . . 1 4 4 1 . . . . 1 . . . Cutter 2 | . . . . . . . . . . . . . . . . 2 . . . Grunt 32 | . 4 1 . 4 . . . . 2 . 3 1 . 7 . 7 . 3 . Brawler 3 | . . . . . . . . . . . . 1 . . . 2 . . . Duelist 5 | . . . . . . . . . 1 . 3 . . . . 1 . . . Sentry 10 | . . . . 2 . . . 1 1 . 1 . . . 2 3 . . . Hunter 21 | . . . . 1 . . . . . . . . . 8 . 2 . 10 . Programmer 39 | . . . . 6 . . . . 2 . . 1 . 5 9 7 . 9 . Behemoth 1 | . . . . . . . . . . 1 . . . . . . . . . Executioner 1 | . . . . . . . . . . . . 1 . . . . . . . Packrat 2 | . . . . . . . . . . . 2 . . . . . . . . Samaritan 5 | . . . . . . . . . . 1 4 . . . . . . . . Assembled 9 | . . . . . . . . . . 9 . . . . . . . . . Mutant 2 | . . . . . 1 . . . . 1 . . . . . . . . . Best Kill Streak 9 | 1 4 1 . 5 4 . . 2 6 4 7 1 . 5 4 4 . 9 . Combat Bots Only 7 | . 4 1 . 4 4 . . 2 6 4 7 1 . 5 3 5 . 7 . Max Kills in Single Turn 3 | 1 1 1 . 2 1 . . 1 1 3 1 1 . 2 1 2 . 2 . Gunslinging . | . . . . . . . . . . . . . . . . . . . . Exploded 3 | . . . . . 1 . . . 1 3 . . . 1 . . . . . Melee 1 | . . . . . . . . . . . . . . . . 1 . . . Uniques/NPCs Destroyed . | . . . . . . . . . . . . . . . . . . . . Combat | -11 -10 -10 -9 -6 -6 -6 -6 -5 -5 -5 -5 -5 -4 -4 -3 -2 -2 -1 -1 -------- Run | Yrd Mat Sub Scr Fac Low Low Dat Pro Fac Upp Upp War Pro Fac Res Res Qua Acc Com Hostile Shots Fired 1843 | . 14 7 . 194 22 . . 12 130 49 34 16 . 311 92 237 18 666 41 Missed 673 | . . 6 . 47 5 . . 4 37 13 7 7 . 113 31 106 4 266 27 Hits 1170 | . 14 1 . 147 17 . . 8 93 36 27 9 . 198 61 131 14 400 14 Melee 35 | . . . . . . . . . . 5 . . . . . 30 . . . Projectile 1135 | . 14 1 . 147 17 . . 8 93 31 27 9 . 198 61 101 14 400 14 AOE 2 | . . . . . . . . . . . . . . . . 2 . . . Critical Strikes 80 | . . . . 2 . . . . 5 1 . 1 . 9 7 32 . 21 2 Actively Blocked 57 | . . . . . . . . . . . . . . 8 7 23 . 19 . Part Disruptions 10 | . . . . . . . . . . 2 . . . . 3 . . 5 . Damage Taken 22261 | . 152 7 . 2027 219 . . 185 1612 675 561 236 . 2995 1440 3480 255 8239 178 Core 3461 | . 43 . . 341 . . . 45 51 48 84 118 . 235 117 600 169 1493 117 Absorbed by Shields 1381 | . . . . . . . . . 229 91 . 71 . 331 . 288 . 371 . Redirected to Shielding 104 | . . . . . . . . . . . . . . . . 104 . . . Regen/Repaired (Parts) 489 | . . . 210 92 . . . . . . . 187 . . . . . . . Core Remaining (%) 74 | 100 . . 82 . . . . 54 . . . . 69 79 91 . 46 . . Volleys Fired 622 | 12 37 3 . 105 13 . . 12 49 35 28 13 7 70 40 85 3 110 . Largest 3 | 2 2 2 . 2 2 . . 2 2 2 2 2 1 3 3 3 1 3 . Hottest 253 | 70 70 70 . 120 120 . . 118 118 195 195 125 35 106 180 110 120 253 . Shots Fired 1117 | 18 73 6 . 156 16 . . 24 80 58 48 26 7 118 96 197 3 191 . Gun 640 | 18 73 6 . 52 3 . . 12 31 17 . . . 68 64 180 . 116 . Cannon 468 | . . . . 104 8 . . 12 46 40 48 26 7 50 32 17 3 75 . Launcher 9 | . . . . . 5 . . . 3 1 . . . . . . . . . Special . | . . . . . . . . . . . . . . . . . . . . Kinetic 543 | 12 37 3 . 52 3 . . 12 31 17 . . . 68 64 180 . 64 . Thermal 458 | 6 36 3 . 104 8 . . 12 46 40 48 26 7 17 25 . 3 77 . Explosive 9 | . . . . . 5 . . . 3 1 . . . . . . . . . Electromagnetic 107 | . . . . . . . . . . . . . . 33 7 17 . 50 . Robot Hit Streak 25 | 6 15 2 . 14 7 . . 7 25 15 12 15 . 15 12 23 . 13 . Robot Miss Streak 9 | 2 3 2 . 5 1 . . 4 4 2 1 1 . 3 2 2 . 9 . Penetration Max 3 | . . . . 2 . . . . 1 . . . . 1 1 3 . 1 . Secondary Targets 7 | . . 1 . . . . . . . . . . . . 1 4 . 1 . Max Gunslinging Chain 1 | . . 1 . . . . . . . . . . . . 1 1 . 1 . Shots Hit Robots 699 | 13 48 2 . 74 5 . . 14 48 37 36 19 . 78 64 160 . 101 . Core Hits 318 | 5 18 1 . 37 9 . . 6 24 19 19 6 . 43 26 64 . 41 . Critical Kills 29 | . . . . 1 . . . . . 1 2 2 . 2 5 16 . . . Critical Parts Destroyed 30 | . . . . 1 . . . . . . . . . 1 9 18 . 1 . Critical Strikes 65 | . 2 . . 2 . . . . . 1 2 2 . 3 15 36 . 2 . Burn 2 | . 2 . . . . . . . . . . . . . . . . . . Meltdown 6 | . . . . 1 . . . . . 1 2 2 . . . . . . . Destroy 53 | . . . . 1 . . . . . . . . . 3 14 34 . 1 . Blast 1 | . . . . . . . . . . . . . . . . . . 1 . Corrupt 3 | . . . . . . . . . . . . . . . 1 2 . . . Melee Attacks 11 | . . . . . . . . . . . . . . . 1 10 . . . Impact . | . . . . . . . . . . . . . . . . . . . . Slashing . | . . . . . . . . . . . . . . . . . . . . Piercing 11 | . . . . . . . . . . . . . . . 1 10 . . . Sneak Attacks . | . . . . . . . . . . . . . . . . . . . . Combat Hostiles . | . . . . . . . . . . . . . . . . . . . . Follow-up Attacks . | . . . . . . . . . . . . . . . . . . . . Damage Inflicted 21807 | 126 499 13 . 2748 376 . . 369 1587 1453 1188 652 . 3011 1538 3808 . 4439 . Guns 10063 | 126 499 13 . 879 46 . . 156 513 235 . . . 1449 767 2991 . 2389 . Cannons 10154 | . . . . 1567 99 . . 213 822 1005 1188 652 . 1189 771 600 . 2048 . Explosions 1333 | . . . . 275 231 . . . 241 213 . . . 373 . . . . . Melee 174 | . . . . . . . . . . . . . . . . 174 . . . Ramming 83 | . . . . 27 . . . . 11 . . . . . . 43 . 2 . Kinetic 8754 | 64 174 . . 879 46 . . 156 513 235 . . . 1449 767 2991 . 1480 . Thermal 8263 | 62 325 13 . 1674 99 . . 213 822 1005 1188 652 . 129 536 . . 1545 . Explosive 1226 | . . . . 168 231 . . . 241 213 . . . 373 . . . . . Electromagnetic 3307 | . . . . . . . . . . . . . . 1060 235 600 . 1412 . Impact . | . . . . . . . . . . . . . . . . . . . . Slashing . | . . . . . . . . . . . . . . . . . . . . Piercing 174 | . . . . . . . . . . . . . . . . 174 . . . Highest Corruption 59 | . . . . 5 5 5 5 5 2 2 2 2 . 3 32 17 17 59 59 Average Corruption 7 | . . . . 1 5 5 5 5 1 2 2 2 . 1 17 7 17 34 59 Corruption Purged . | . . . . . . . . . . . . . . . . . . . . Corruption Blocked . | . . . . . . . . . . . . . . . . . . . . Effects 276 | . . . . 14 24 9 2 28 6 13 14 1 . 9 52 34 6 61 3 Message Errors 65 | . . . . 4 9 2 1 7 1 3 5 1 . 2 9 8 3 10 . Matter Fused 50 | . . . . 1 6 2 . 8 2 3 2 . . 2 11 7 . 6 . Heat Flow Errors 30 | . . . . 1 1 2 . 3 1 2 3 . . . 5 5 1 5 1 Energy Discharges 25 | . . . . 1 2 . . 2 . 2 2 . . 1 6 3 1 5 . Parts Rejected 3 | . . . . 1 . . . . . . . . . . . 1 . 1 . Parts Fused 3 | . . . . . . . . . 1 1 . . . 1 . . . . . Data Loss (minor) 27 | . . . . 2 2 2 . 4 . 1 . . . 2 9 1 1 3 . Data Loss (major) 17 | . . . . 1 2 1 1 1 . . . . . 1 6 1 . 3 . Misfires 6 | . . . . 1 . . . 1 . . . . . . 2 1 . 1 . Alerts 8 | . . . . 2 2 . . 1 . 1 . . . . 1 1 . . . Misdirections 12 | . . . . . . . . . . . . . . . 1 5 . 4 2 Weapon Failures 30 | . . . . . . . . 1 1 . 2 . . . 2 1 . 23 . Overload Shots 6 | . . . . . . . . . . 3 3 . . . . . . . . Overflow Damage 397 | . . . . 101 . . . . 7 60 35 . . 49 . 31 . 114 . Projectiles 378 | . . . . 101 . . . . . 60 35 . . 49 . 19 . 114 . Explosions 7 | . . . . . . . . . 7 . . . . . . . . . . Melee 12 | . . . . . . . . . . . . . . . . 12 . . . Knockbacks 4 | . . . . . . . . . . . . . . . . . . 4 . Impact . | . . . . . . . . . . . . . . . . . . . . Kinetic 4 | . . . . . . . . . . . . . . . . . . 4 . Secondary . | . . . . . . . . . . . . . . . . . . . . Self-Inflicted Damage 142 | . . . . 27 . . . . 3 7 . . . 84 . 21 . . . Shots 4 | . . . . 1 . . . . 1 1 . . . 1 . . . . . Rammed 6 | . . . . 2 . . . . 1 . . . . . . 3 . . . Targets Rammed 7 | . . . . 2 . . . . 1 . . . . . . 3 . 1 . Kicked 1 | . . . . . . . . . . . . . . . . . . 1 . Crushed . | . . . . . . . . . . . . . . . . . . . . Highest Temperature 581 | 70 202 . . 359 122 229 . 144 70 352 145 . . 337 200 581 35 462 240 Average Temperature 92 | 30 66 . . 76 20 123 . 40 24 87 50 . . 73 121 114 35 112 188 Received Heat Transfer 2331 | . 84 . . 366 . . . 9 627 83 135 14 . 173 87 195 . 522 36 Effects 18 | . . . . . . . . . . . . . . 1 1 12 . 4 . Shutdowns 6 | . . . . . . . . . . . . . . 1 . 3 . 2 . Energy Bleed 4 | . . . . . . . . . . . . . . . 1 1 . 2 . Interference 2 | . . . . . . . . . . . . . . . . 2 . . . Short Circuit 2 | . . . . . . . . . . . . . . . . 2 . . . Damage (major) 4 | . . . . . . . . . . . . . . . . 4 . . . Siege Activations . | . . . . . . . . . . . . . . . . . . . . Martial Activations . | . . . . . . . . . . . . . . . . . . . . Shielding Activations . | . . . . . . . . . . . . . . . . . . . . Robots Disrupted 1 | . . . . . . . . . . . . . . . . 1 . . . Combat Hostiles 1 | . . . . . . . . . . . . . . . . 1 . . . Robots Corrupted 15 | . . . . . . . . . . . . . . 4 2 4 . 5 . Combat Hostiles 15 | . . . . . . . . . . . . . . 4 2 4 . 5 . Parts Fried 32 | . . . . . . . . . . . . . . 10 2 6 . 14 . Impact Corruptions 1 | . . . . . . . . . . . . . . . . 1 . . . Robots Melted 8 | . . . . 1 . . . . . 1 3 2 . . . . . 1 . Combat Hostiles 6 | . . . . 1 . . . . . 1 1 2 . . . . . 1 . Parts Melted 33 | . . . . 6 1 . . . 3 6 7 2 . 1 3 . . 4 . Heat Transferred 11181 | 185 1110 37 . 2250 150 . . 259 962 1323 1830 725 . 200 559 . . 1591 . Parts Sabotaged . | . . . . . . . . . . . . . . . . . . . . Parts Stolen . | . . . . . . . . . . . . . . . . . . . . Parts Stripped . | . . . . . . . . . . . . . . . . . . . . Power Chain Reactions . | . . . . . . . . . . . . . . . . . . . . Alert | -11 -10 -10 -9 -6 -6 -6 -6 -5 -5 -5 -5 -5 -4 -4 -3 -2 -2 -1 -1 ------- Run | Yrd Mat Sub Scr Fac Low Low Dat Pro Fac Upp Upp War Pro Fac Res Res Qua Acc Com Maximum Alert Level 2 | . . . . 1 . . . . 2 . . . . 2 1 1 . 1 . Low Security (%) 75 | 100 100 . . 93 . . . . 10 . . . . 49 98 66 100 74 100 Level 1 22 | . . . . 6 . . . . 80 . . . . 44 1 33 . 25 . Level 2 1 | . . . . . . . . . 8 . . . . 5 . . . . . Level 3 . | . . . . . . . . . . . . . . . . . . . . Level 4 . | . . . . . . . . . . . . . . . . . . . . Level 5 . | . . . . . . . . . . . . . . . . . . . . High Security . | . . . . . . . . . . . . . . . . . . . . Max Security . | . . . . . . . . . . . . . . . . . . . . Peak Influence 600 | 5 85 . . 259 . . . . 600 . . . . 414 209 316 114 295 154 Initial 600 | . . . . . . . . . 600 . . . . . 209 51 96 47 154 Average 101 | 1 13 . . 38 . . . . 292 . . . . 167 58 142 97 112 154 Influence Increases 5320 | 15 163 20 . 750 216 . . 50 960 120 170 116 . 762 429 745 33 771 . Destroy 0b10 Robot/C 2740 | . 80 20 . 340 160 . . 40 200 100 160 80 . 400 220 500 . 440 . Destroy 0b10 Robot/NC 195 | 15 25 . . 30 . . . 10 15 . . . . 15 15 40 . 30 . Destroy Leader 578 | . 14 . . 114 20 . . . 42 20 10 . . 82 60 106 . 110 . Allied During Kill 27 | . . . . . 21 . . . . . . 6 . . . . . . . Successful Hack 87 | . 29 . . 28 . . . . 5 . . . . . 11 . . 14 . Disable Machine 390 | . . . . 120 . . . . 60 . . . . 120 45 . 30 15 . Destroy Structure 403 | . . . . 103 . . . . 38 . . . . 130 18 9 3 102 . Advance Influence 600 | . . . . . . . . . 600 . . . . . . . . . . Partial Spotted 30 | . . . . 15 . . . . . . . . . . . 15 . . . Lose Combat Pursuer 270 | . 15 . . . 15 . . . . . . 30 . 15 60 75 . 60 . Influence Decreases 5166 | 15 158 25 . 493 375 98 . 50 706 374 170 108 8 363 736 666 125 608 88 Entered New Map 647 | . . 3 . . 96 19 . . . 95 . . 8 . 190 41 75 32 88 Time Decay 3320 | 15 158 22 . 318 239 79 . 50 386 279 150 88 . 273 432 425 50 356 . Lost Part 600 | . . . . 30 . . . . 20 . 20 . . 90 30 190 . 220 . Lost Ally 70 | . . . . . 40 . . . . . . 20 . . . 10 . . . Purge Threat 529 | . . . . 145 . . . . 300 . . . . . 84 . . . . Squads Dispatched 38 | . 3 . . 7 . . . . 3 . 1 . . 7 5 6 . 6 . Investigation 4 | . 2 . . . . . . . . . . . . 1 . 1 . . . Extermination 21 | . . . . 4 . . . . 2 . . . . 4 5 3 . 3 . Reinforcement 11 | . 1 . . 3 . . . . . . . . . 2 . 2 . 3 . Assault 1 | . . . . . . . . . . . 1 . . . . . . . . Garrison 1 | . . . . . . . . . 1 . . . . . . . . . . Intercept . | . . . . . . . . . . . . . . . . . . . . Searches Triggered . | . . . . . . . . . . . . . . . . . . . . Data Miner Redirects 1 | . . . . . . . . . . . . . . . . 1 . . . Construction Impeded 3 | . . . . 2 . . . . . . . . . 1 . . . . . Haulers Reinforced 1 | . . . . . . . . . . . . . . . . . . 1 . Active Scanning Responses . | . . . . . . . . . . . . . . . . . . . . Cargo Convoy Interrupts . | . . . . . . . . . . . . . . . . . . . . Stealth | -11 -10 -10 -9 -6 -6 -6 -6 -5 -5 -5 -5 -5 -4 -4 -3 -2 -2 -1 -1 --------- Run | Yrd Mat Sub Scr Fac Low Low Dat Pro Fac Upp Upp War Pro Fac Res Res Qua Acc Com Distress Signals 14 | . 2 . . . . . . . 1 . . 1 . 1 . 5 . 4 . Communications Jammed 13 | . . . . . . . . . . . . . . . . 13 . . . Distress Signals 13 | . . . . . . . . . . . . . . . . 13 . . . Times Spotted 310 | . 15 3 . 27 5 . . 9 25 15 8 52 . 30 16 51 2 46 6 Peak Tracking Total 19 | . 5 3 . 4 4 . . 2 10 4 5 11 . 5 4 19 2 14 5 Tactical Retreats 16 | . 1 . . . 1 . . . . . . 2 . 1 2 5 . 4 . Traps | -11 -10 -10 -9 -6 -6 -6 -6 -5 -5 -5 -5 -5 -4 -4 -3 -2 -2 -1 -1 ------- Run | Yrd Mat Sub Scr Fac Low Low Dat Pro Fac Upp Upp War Pro Fac Res Res Qua Acc Com Traps Triggered 9 | . . . . . . . . . 1 . . . . . 1 6 . 1 . Indirectly . | . . . . . . . . . . . . . . . . . . . . Trap Hack Attempts . | . . . . . . . . . . . . . . . . . . . . Triggered . | . . . . . . . . . . . . . . . . . . . . Disarmed . | . . . . . . . . . . . . . . . . . . . . Reprogrammed . | . . . . . . . . . . . . . . . . . . . . Reused 1 | . . . . . . . . . . . . 1 . . . . . . . Traps Extracted . | . . . . . . . . . . . . . . . . . . . . Installed 4 | . . . . . . . . 2 . . . 1 . . 1 . . . . Triggered 1 | . . . . . . . . . . . . 1 . . . . . . . Most Traps Carried 1 | . . . 1 1 1 1 1 1 1 1 1 1 . 1 1 . . . . Machines | -11 -10 -10 -9 -6 -6 -6 -6 -5 -5 -5 -5 -5 -4 -4 -3 -2 -2 -1 -1 ---------- Run | Yrd Mat Sub Scr Fac Low Low Dat Pro Fac Upp Upp War Pro Fac Res Res Qua Acc Com Machines Disabled 28 | . . . . 8 1 . . . 4 1 . . . 8 3 . 2 1 . Max in Single Turn 3 | . . . . 2 1 . . . 2 1 . . . 3 1 . 1 1 . Garrison Access 1 | . . . . 1 . . . . . . . . . . . . . . . Machines Repaired . | . . . . . . . . . . . . . . . . . . . . Machines Dismantled . | . . . . . . . . . . . . . . . . . . . . Machines Sabotaged . | . . . . . . . . . . . . . . . . . . . . Overloaded Fab Kills . | . . . . . . . . . . . . . . . . . . . . Hacking | -11 -10 -10 -9 -6 -6 -6 -6 -5 -5 -5 -5 -5 -4 -4 -3 -2 -2 -1 -1 --------- Run | Yrd Mat Sub Scr Fac Low Low Dat Pro Fac Upp Upp War Pro Fac Res Res Qua Acc Com Machines Accessed 40 | . 6 . 7 6 . 1 4 . 4 1 . 3 . 2 2 2 . 2 . Terminals 22 | . 6 . . 5 . . . . 4 1 . . . 1 2 2 . 1 . Fabricators 1 | . . . . . . . . . . . . . . 1 . . . . . Repair Stations . | . . . . . . . . . . . . . . . . . . . . Recycling Units . | . . . . . . . . . . . . . . . . . . . . Scanalyzers . | . . . . . . . . . . . . . . . . . . . . Garrison Access 2 | . . . . 1 . . . . . . . . . . . . . 1 . Total Hacks 136 | . 26 . 23 17 . 1 29 . 12 3 . 6 . 5 7 4 . 3 . Successful 99 | . 14 . 23 9 . 1 29 . 7 3 . 6 . 1 4 1 . 1 . Failed 37 | . 12 . . 8 . . . . 5 . . . . 4 3 3 . 2 . Catastrophic 8 | . . . . 1 . . . . 2 . . . . 2 . 2 . 1 . Database Lockouts . | . . . . . . . . . . . . . . . . . . . . Manual 23 | . 6 . . 5 . . . . 5 . . 1 . 1 5 . . . . Terminals 71 | . 26 . . 15 . . . . 12 3 . . . 2 7 4 . 2 . Fabricators 3 | . . . . . . . . . . . . . . 3 . . . . . Repair Stations . | . . . . . . . . . . . . . . . . . . . . Recycling Units . | . . . . . . . . . . . . . . . . . . . . Scanalyzers . | . . . . . . . . . . . . . . . . . . . . Garrison Access 3 | . . . . 2 . . . . . . . . . . . . . 1 . Terminal Hacks 89 | . 10 . 23 6 . 1 29 . 5 3 . 6 . . 4 1 . 1 . Record 36 | . . . 16 . . . 11 . . 3 . 6 . . . . . . . Part Schematic 12 | . . . . . . . 12 . . . . . . . . . . . . Robot Schematic 3 | . . . . . . . 3 . . . . . . . . . . . . Robot Analysis 7 | . 1 . 6 . . . . . . . . . . . . . . . . Prototype ID Bank 9 | . 2 . . 2 . . 3 . 2 . . . . . . . . . . Open Door 1 | . . . . . . 1 . . . . . . . . . . . . . Open DSF 1 | . . . . . . . . . . . . . . . . 1 . . . Branch Access Points 2 | . . . . 1 . . . . . . . . . . 1 . . . . Emergency Access Points 1 | . . . . 1 . . . . . . . . . . . . . . . Terminal Index 1 | . . . . . . . . . . . . . . . . . . 1 . Alert Level 1 | . . . . . . . . . 1 . . . . . . . . . . Unreport Threat 5 | . . . . 1 . . . . 2 . . . . . 2 . . . . Locate Traps 3 | . 2 . . . . . . . . . . . . . 1 . . . . Registered Components 1 | . 1 . . . . . . . . . . . . . . . . . . Zone Layout 5 | . 4 . . 1 . . . . . . . . . . . . . . . Proto ID Catalog 1 | . . . 1 . . . . . . . . . . . . . . . . Fabricator Hacks 1 | . . . . . . . . . . . . . . 1 . . . . . Load Schematic 1 | . . . . . . . . . . . . . . 1 . . . . . Repair Station Hacks . | . . . . . . . . . . . . . . . . . . . . Recycling Unit Hacks . | . . . . . . . . . . . . . . . . . . . . Scanalyzer . | . . . . . . . . . . . . . . . . . . . . Garrison Access Hacks 1 | . . . . 1 . . . . . . . . . . . . . . . Seal Access 1 | . . . . 1 . . . . . . . . . . . . . . . Unauthorized Hacks 8 | . 4 . . 2 . . . . 2 . . . . . . . . . . Terminals 8 | . 4 . . 2 . . . . 2 . . . . . . . . . . Track 4 | . 2 . . 1 . . . . 1 . . . . . . . . . . Botnet 4 | . 2 . . 1 . . . . 1 . . . . . . . . . . Fabricators . | . . . . . . . . . . . . . . . . . . . . Repair Stations . | . . . . . . . . . . . . . . . . . . . . Recycling Units . | . . . . . . . . . . . . . . . . . . . . Scanalyzers . | . . . . . . . . . . . . . . . . . . . . Garrison Access . | . . . . . . . . . . . . . . . . . . . . Data Cores Recovered . | . . . . . . . . . . . . . . . . . . . . Used . | . . . . . . . . . . . . . . . . . . . . Hacking Detections 21 | . 5 . . 5 . . . . 4 . . . . 2 2 1 . 2 . Full Trace Events 2 | . . . . . . . . . . . . . . 1 . 1 . . . Feedback Events . | . . . . . . . . . . . . . . . . . . . . Feedback Blocked . | . . . . . . . . . . . . . . . . . . . . Robot Schematics Acquired 3 | . . . . . . . 3 . . . . . . . . . . . . Robots Built . | . . . . . . . . . . . . . . . . . . . . Authchips . | . . . . . . . . . . . . . . . . . . . . Time . | . . . . . . . . . . . . . . . . . . . . Total Robot Build Rating . | . . . . . . . . . . . . . . . . . . . . Part Schematics Acquired 12 | . . . . . . . 12 . . . . . . . . . . . . Parts Built . | . . . . . . . . . . . . . . . . . . . . Authchips . | . . . . . . . . . . . . . . . . . . . . Time . | . . . . . . . . . . . . . . . . . . . . Total Part Build Rating . | . . . . . . . . . . . . . . . . . . . . Parts Repaired . | . . . . . . . . . . . . . . . . . . . . Time . | . . . . . . . . . . . . . . . . . . . . Parts Recycled . | . . . . . . . . . . . . . . . . . . . . Recycled Matter . | . . . . . . . . . . . . . . . . . . . . Retrieved Matter . | . . . . . . . . . . . . . . . . . . . . Retrieved Components . | . . . . . . . . . . . . . . . . . . . . Parts Scanalyzed . | . . . . . . . . . . . . . . . . . . . . Part Schematics Acquired . | . . . . . . . . . . . . . . . . . . . . Parts Damaged . | . . . . . . . . . . . . . . . . . . . . Bothacking | -11 -10 -10 -9 -6 -6 -6 -6 -5 -5 -5 -5 -5 -4 -4 -3 -2 -2 -1 -1 ------------ Run | Yrd Mat Sub Scr Fac Low Low Dat Pro Fac Upp Upp War Pro Fac Res Res Qua Acc Com Used RIF Installer . | . . . . . . . . . . . . . . . . . . . . Robots Hacked . | . . . . . . . . . . . . . . . . . . . . Non-combat . | . . . . . . . . . . . . . . . . . . . . Combat . | . . . . . . . . . . . . . . . . . . . . Robot Hacks Applied . | . . . . . . . . . . . . . . . . . . . . Relay Couplers Released 4 | . . . . 4 . . . . . . . . . . . . . . . Programmers 4 | . . . . 4 . . . . . . . . . . . . . . . Fabnet Peak Effective % . | . . . . . . . . . . . . . . . . . . . . Robots Rewired 5 | . . . . . 4 . . . . . 1 . . . . . . . . Allies Hacked . | . . . . . . . . . . . . . . . . . . . . Hacks Repelled . | . . . . . . . . . . . . . . . . . . . . Allies | -11 -10 -10 -9 -6 -6 -6 -6 -5 -5 -5 -5 -5 -4 -4 -3 -2 -2 -1 -1 -------- Run | Yrd Mat Sub Scr Fac Low Low Dat Pro Fac Upp Upp War Pro Fac Res Res Qua Acc Com Total Allies 5 | . . . . . 4 . . . . . 1 . . . . . . . . Largest Group 4 | . . . . . 4 1 1 1 . . 1 1 . . . . . . . Highest-Rated Group 110 | . . . . . 110 20 20 20 . . 30 30 . . . . . . . Highest-Rated Ally 30 | . . . . . 30 20 20 20 . . 30 30 . . . . . . . Total Orders 5 | . . . . . . . . . . . . 2 . 2 . 1 . . . STAY 1 | . . . . . . . . . . . . 1 . . . . . . . ROAM 1 | . . . . . . . . . . . . . . 1 . . . . . FOLLOW 1 | . . . . . . . . . . . . 1 . . . . . . . EXPLORE 1 | . . . . . . . . . . . . . . . . 1 . . . RETURN 1 | . . . . . . . . . . . . . . 1 . . . . . Ally Attacks 15 | . . . . . 11 . . 2 . . . 2 . . . . . . . Total Damage 313 | . . . . . 238 . . . . . . 75 . . . . . . . Kills 4 | . . . . . 4 . . . . . . . . . . . . . . Allies Corrupted 1 | . . . . . . . . . . . . . . . . 1 . . . Allies Melted . | . . . . . . . . . . . . . . . . . . . . Intel | -11 -10 -10 -9 -6 -6 -6 -6 -5 -5 -5 -5 -5 -4 -4 -3 -2 -2 -1 -1 ------- Run | Yrd Mat Sub Scr Fac Low Low Dat Pro Fac Upp Upp War Pro Fac Res Res Qua Acc Com Active Infowar (turns) 14224 | . 1 . 503 2523 882 511 142 1080 908 1075 939 1192 762 1862 894 950 . . . Optics 7301 | . . . . . . . . . 907 1075 939 1192 762 1862 564 . . . . Sensors 1352 | . . . 503 784 65 . . . . . . . . . . . . . . IFF 8866 | . . . . 1731 882 511 142 1079 458 610 928 416 739 1370 . . . . . Terrain 10028 | . . . . 2263 801 221 140 1072 360 746 623 789 737 1294 894 88 . . . Cloaking 432 | . . . . . . . . . . . . . . . . 432 . . . Jamming 763 | . . . . . . . . . . . . . . . . 763 . . . ECM 1 | . 1 . . . . . . . . . . . . . . . . . . Robot Analysis Total 7 | . 1 . 6 . . . . . . . . . . . . . . . . Derelict Logs Recovered 8 | . . 1 2 . 1 1 . 3 . . . . . . . . . . . Drone Launches 12 | . . . . . . . . . . . . . . 2 . 10 . . . Drone Recoveries 2 | . . . . . . . . . . . . . . 2 . . . . . Exploration | -11 -10 -10 -9 -6 -6 -6 -6 -5 -5 -5 -5 -5 -4 -4 -3 -2 -2 -1 -1 ------------- Run | Yrd Mat Sub Scr Fac Low Low Dat Pro Fac Upp Upp War Pro Fac Res Res Qua Acc Com Turns Passed 20443 | 135 916 342 2793 3055 882 511 142 1146 908 1075 939 1192 762 1862 1464 1069 110 1127 13 Spaces Moved 11391 | 60 640 216 1930 1517 473 312 86 631 447 559 485 598 379 639 731 958 111 594 25 Core 468 | 2 . . 218 . . . . . . . . . . . . 23 97 103 25 Treads 6091 | 53 51 . . 1517 473 312 86 631 447 559 362 598 379 619 4 . . . . Legs 655 | . . . . . . . . . . . . . . 20 130 . 14 491 . Wheels 2645 | 5 589 216 1712 . . . . . . . 123 . . . . . . . . Hover 1532 | . . . . . . . . . . . . . . . 597 935 . . . Flight . | . . . . . . . . . . . . . . . . . . . . Fastest Speed 50 | 50 105 145 50 160 160 160 160 160 162 162 160 164 164 164 106 50 50 50 50 Average Speed 147 | 151 114 145 138 160 160 160 160 160 162 163 165 164 164 226 163 63 82 124 50 Slowest Speed 680 | 160 160 145 150 160 160 160 160 160 165 165 245 164 164 680 345 129 250 140 50 Overloaded Moves . | . . . . . . . . . . . . . . . . . . . . Propulsion Burnouts . | . . . . . . . . . . . . . . . . . . . . Robots Hopped . | . . . . . . . . . . . . . . . . . . . . Potential Cave-ins . | . . . . . . . . . . . . . . . . . . . . Cave-ins Triggered . | . . . . . . . . . . . . . . . . . . . . Exploration Rate (%) 45 | 6 87 22 93 40 59 48 69 71 16 73 59 85 63 23 19 30 20 17 3 Regions Visited 19 Branch Regions 12 Pre-discovered Areas 1 | . . . . . . . 1 . . . . . . . . . . . . Known Exits Taken 5 | . . . . 1 . . . 1 1 . . . 1 1 . . . . . Unknown Exits Taken 14 | 1 1 1 1 . 1 1 1 . . 1 1 1 . . 1 1 1 1 . Scrap Searched 14 | . . . 3 . 1 3 . 1 . 3 1 . 2 . . . . . . Spaces Dug 52 | . . . . 23 2 . . . 6 . . . 5 10 2 2 . 2 . Terrain Destroyed 338 | . . . . 118 26 . . 5 22 23 10 1 7 66 9 11 1 39 . Melee 3 | . . . . . . . . . . . . . . . 1 2 . . . Projectile 171 | . . . . 57 5 . . 5 20 14 10 1 7 22 8 8 1 13 . AOE 163 | . . . . 61 21 . . . 2 9 . . . 44 . . . 26 . Terrain Rammed . | . . . . . . . . . . . . . . . . . . . . Walls Destroyed . | . . . . . . . . . . . . . . . . . . . . Machines Disabled . | . . . . . . . . . . . . . . . . . . . . Actions | -11 -10 -10 -9 -6 -6 -6 -6 -5 -5 -5 -5 -5 -4 -4 -3 -2 -2 -1 -1 --------- Run | Yrd Mat Sub Scr Fac Low Low Dat Pro Fac Upp Upp War Pro Fac Res Res Qua Acc Com Total 14042 | 86 766 240 2074 1995 580 324 90 745 547 657 569 789 511 952 938 1241 125 788 25 Wait 1151 | . 36 13 53 249 53 5 . 82 17 36 33 129 120 178 17 97 . 33 . Move 11373 | 59 639 215 1929 1516 472 311 85 630 447 558 484 597 378 638 730 957 110 593 25 Hop . | . . . . . . . . . . . . . . . . . . . . Pick Up 191 | 9 25 2 32 29 2 2 . 5 7 6 . 11 . 17 30 8 . 6 . Fast Attach 123 | 5 4 1 6 12 2 . 2 . 5 2 4 8 2 4 15 21 6 24 . Attach 78 | 1 1 1 3 15 3 2 . . 4 4 . 2 1 12 9 11 2 7 . Detach 37 | . 1 . 6 4 2 . . . . . . 2 . 5 9 5 3 . . Swap 168 | . 4 1 7 29 9 2 1 7 9 14 5 5 2 20 27 16 . 10 . Drop 231 | . 19 4 38 34 4 2 2 6 9 2 2 21 1 8 46 28 1 4 . Fire 622 | 12 37 3 . 105 13 . . 12 49 35 28 13 7 70 40 85 3 110 . Melee 11 | . . . . . . . . . . . . . . . 1 10 . . . Ram 3 | . . . . . . . . . . . . . . . . 3 . . . Kick 1 | . . . . . . . . . . . . . . . . . . 1 . Crush 2 | . . . . 2 . . . . . . . . . . . . . . . Escape Stasis 13 | . . . . . . . . . . . . . . . 13 . . . . Rewire 33 | . . . . . 20 . . . . . 13 . . . . . . . . Trap 4 | . . . . . . . . 2 . . . 1 . . 1 . . . . Miscellaneous 1 | . . . . . . . . 1 . . . . . . . . . . . Route ------- -11/Scrapyard -10/Materials (discovered 4 exits: [*Mat x2] / [*Min] / [*Sub]) -10/Subcaves (discovered 2 exits: [*Mat] / *Scr) -9/Scraptown (discovered 2 exits: *Fac x2) -6/Factory (discovered 5 exits: *Fac x3 / *Low x2) -6/Lower Caves -6/Lower Caves -6/Data Miner -5/Proximity Caves -5/Factory (discovered 3 exits: *Fac x2 / *Upp) -5/Upper Caves -5/Upper Caves (discovered 2 exits: *Fac / *War) -5/Warlord -4/Proximity Caves -4/Factory (discovered 2 exits: *Res x2) -3/Research (discovered 4 exits: *Res / Arm / Tes x2) -2/Research -2/Quarantine -1/Access -1/Command History --------- Turn | Location | Event 15 | -11/Scrapyard | Discovered new exit (range 15) 136 | -11/Scrapyard | Entered Materials 137 | -10/Materials | Met a group of wandering Federalists 308 | -10/Materials | Build established: Mutant 551 | -10/Materials | Discovered new exit (range 16) 751 | -10/Materials | Discovered new exit (range 9) 959 | -10/Materials | Discovered new exit (range 10) 965 | -10/Materials | Discovered new exit (range 10) 1052 | -10/Materials | Entered Subcaves 1053 | -10/Subcaves | Continued accompanying wandering Federalists (3) 1185 | -10/Subcaves | Shifting Twisted Machinery released Sub. Laser 1189 | -10/Subcaves | Shifting Twisted Machinery released Scrap Shield 1285 | -10/Subcaves | Discovered new exit (range 10) 1315 | -10/Subcaves | Wandering Federalist uncovered a shortcut to Scraptown 1394 | -10/Subcaves | Entered Scraptown 1971 | -9/Scraptown | Scanned Subdweller tech in exchange for log data 1975 | -9/Scraptown | Learned Factory security intel 1977 | -9/Scraptown | Learned Factory trap positions 1999 | -9/Scraptown | Discovered new exit (range 6) 2142 | -9/Scraptown | Visited CR-KLE's Repair Center 2151 | -9/Scraptown | Visited SPCMW 2212 | -9/Scraptown | Visited Comm Corps 2287 | -9/Scraptown | Visited CPS Storage 2310 | -9/Scraptown | Visited Shadow of the Wyrm 2646 | -9/Scraptown | Visited Cyclists 2697 | -9/Scraptown | Visited Symbiants 2737 | -9/Scraptown | Visited UFD Registry 2737 | -9/Scraptown | Registered with UFD as "Zeroslicer" 2787 | -9/Scraptown | Entered Cyclist Reading Room 2872 | -9/Scraptown | Visited Analyses Database 2910 | -9/Scraptown | Visited Science Guys 3009 | -9/Scraptown | Delivered Scrap Shield to a Scientist 3153 | -9/Scraptown | Visited Botcube Research 3220 | -9/Scraptown | Visited Scrap Suit Storage 3233 | -9/Scraptown | Found Scrap Suit 3279 | -9/Scraptown | Visited Science Testing Area 3321 | -9/Scraptown | Visited LU-1G1's Boring Crew 3401 | -9/Scraptown | Visited Junk Repository 3430 | -9/Scraptown | Visited Derelict Rescue Squad 3434 | -9/Scraptown | Found DRS Beacon 3688 | -9/Scraptown | CR-KLE repaired 6 parts 3953 | -9/Scraptown | Discovered new exit (range 5) 4095 | -9/Scraptown | Met Optimus 4095 | -9/Scraptown | Accepted into 0bPrime 4187 | -9/Scraptown | Entered Factory 4187 | -6/Factory | Evolved 8 slots: Power x1, Propulsion x2, Utility x5 4188 | -6/Factory | Loaded intel: 114 trap records 4483 | -6/Factory | Build established: Skirmisher 5084 | -6/Factory | Build established: Scavenger-Skirmisher 5445 | -6/Factory | Discovered new exit (range 14) 5627 | -6/Factory | Discovered new exit (range 8) 6005 | -6/Factory | Discovered new exit (range 13) 6121 | -6/Factory | Build established: Skirmisher 6440 | -6/Factory | Discovered new exit (range 16) 6678 | -6/Factory | Discovered new exit (range 6) 6731 | -6/Factory | Identified exit to Lower Caves 7242 | -6/Factory | Entered Lower Caves 7244 | -6/Lower Caves | UFD Scientist delivered a prototype 7251 | -6/Lower Caves | Found Prototype Protection 7251 | -6/Lower Caves | Identified Enh. Scrap Shield 7304 | -6/Lower Caves | Build established: Mutant 7489 | -6/Lower Caves | Learned 12 Factory zone layouts 7608 | -6/Lower Caves | Build established: Skirmisher 7684 | -6/Lower Caves | Attacked by a delusional Derelict stockpiling Unaware 7943 | -6/Lower Caves | Lost 3 allies 7966 | -6/Lower Caves | Discovered new exit (range 15) 8014 | -6/Lower Caves | Build established: Scavenger-Skirmisher 8124 | -6/Lower Caves | Entered another Lower Caves area 8124 | -6/Lower Caves | Accompanied by 1 ally 8193 | -6/Lower Caves | Learned Factory machine intel 8234 | -6/Lower Caves | Encountered a Warlord checkpoint 8572 | -6/Lower Caves | Discovered new exit (range 7) 8635 | -6/Lower Caves | Entered Data Miner 8635 | -6/Data Miner | Accompanied by 1 ally 8635 | -6/Data Miner | Discovered new exit (range 6) 8667 | -6/Data Miner | Met Data Miner 8694 | -6/Data Miner | Learned location of Section 7 (-2) 8694 | -6/Data Miner | Acquired the access code to Warlord's prototype stash 8721 | -6/Data Miner | Received God Mode back door access code from Data Miner 8777 | -6/Data Miner | Entered Proximity Caves 8777 | -5/Proximity Caves | Accompanied by 1 ally 8864 | -5/Proximity Caves | Spotter reported a threat 8917 | -5/Proximity Caves | Spotter reported a threat 9094 | -5/Proximity Caves | Identified exit to Factory 9136 | -5/Proximity Caves | Attracted the attention of an 0b10 checkpoint 9158 | -5/Proximity Caves | Spotter reported a threat 9295 | -5/Proximity Caves | Activated DRS Beacon 9404 | -5/Proximity Caves | Spotter reported a threat 9538 | -5/Proximity Caves | Learned Factory terminal intel 9695 | -5/Proximity Caves | Learned 8 Factory zone layouts 9923 | -5/Proximity Caves | Entered Factory 9923 | -5/Factory | Evolved 2 slots: Propulsion x1, Utility x1 9924 | -5/Factory | Identified exit to Factory 9924 | -5/Factory | Identified exit to Upper Caves 9925 | -5/Factory | Loaded intel: 281 machine locations 9926 | -5/Factory | Loaded intel: 26 terminal locations 10441 | -5/Factory | Build established: Scavenger-Mutant 10653 | -5/Factory | Discovered exit to Factory (range 15) 10782 | -5/Factory | Garrison activated, responded to threat 10831 | -5/Factory | Entered Upper Caves 11060 | -5/Upper Caves | Attacked by a delusional Derelict stockpiling parts 11123 | -5/Upper Caves | Build established: Scavenger-Skirmisher 11210 | -5/Upper Caves | Encountered an infested base 11679 | -5/Upper Caves | Spotted B-75 Beast 11708 | -5/Upper Caves | Destroyed B-75 Beast 11726 | -5/Upper Caves | Lost 4 parts (2p2n) 11849 | -5/Upper Caves | Discovered new exit (range 7) 11906 | -5/Upper Caves | Entered another Upper Caves area 11977 | -5/Upper Caves | Encountered a Warlord checkpoint 11994 | -5/Upper Caves | Discovered exit to Factory (range 16) 12129 | -5/Upper Caves | Attracted the attention of an 0b10 outpost 12184 | -5/Upper Caves | Lost 3 allies 12228 | -5/Upper Caves | Destroyed 7 combat bots 12642 | -5/Upper Caves | Discovered new exit (range 18) 12845 | -5/Upper Caves | Entered Warlord 12845 | -5/Warlord | Accompanied by 1 ally 12902 | -5/Warlord | System corruption cleaned by Quarantine Array 13148 | -5/Warlord | Found Prototype Device 13242 | -5/Warlord | Opened Warlord's prototype stash 13251 | -5/Warlord | Found Prototype Reactor 13251 | -5/Warlord | Identified Vortex Chain Reactor 13261 | -5/Warlord | Identified Minesniffer Drone Bay 13266 | -5/Warlord | Found Prototype Processor 13279 | -5/Warlord | Found Prototype Hackware 13285 | -5/Warlord | Found Prototype Device 13285 | -5/Warlord | Identified Exp. Focal Shield 13289 | -5/Warlord | Found Prototype Processor 13289 | -5/Warlord | Identified Spectral Analyzer 13433 | -5/Warlord | Rebuked by Warlord 13458 | -5/Warlord | Warlord's base attacked by MAIN.C 13609 | -5/Warlord | Learned Factory repair station intel 13609 | -5/Warlord | Learned Research terminal intel 13612 | -5/Warlord | Learned 4 Research zone layouts 13613 | -5/Warlord | Learned Research emergency access door positions 13613 | -5/Warlord | Learned Testing emergency access door positions 13679 | -5/Warlord | P-70 Sage assimilated allied J9-TM6(b) 13808 | -5/Warlord | Warlord forces counterattacked 13910 | -5/Warlord | Spotted Striker 13937 | -5/Warlord | Build established: Scavenger-Mutant 13967 | -5/Warlord | Lost 10 allies 13980 | -5/Warlord | Discovered new exit (range 19) 13980 | -5/Warlord | Spotted Executioner 13980 | -5/Warlord | Spotted Executioner 13996 | -5/Warlord | Destroyed Executioner 14028 | -5/Warlord | Lost 7 allies 14037 | -5/Warlord | Entered Proximity Caves 14161 | -4/Proximity Caves | Found Alien Artifact 14161 | -4/Proximity Caves | Identified Core Expander 14161 | -4/Proximity Caves | Installed Core Expander, added new Power slot 14347 | -4/Proximity Caves | Build established: Scavenger-Skirmisher 14706 | -4/Proximity Caves | Discovered exit to Factory (range 13) 14799 | -4/Proximity Caves | Entered Factory 14799 | -4/Factory | Evolved 2 slots: Utility x1, Weapon x1 14800 | -4/Factory | Identified exit to Research 14801 | -4/Factory | Loaded intel: 6 repair station locations 15858 | -4/Factory | Lost 3 parts (1n2u) 15900 | -4/Factory | Build established: Scavenger-Gunner 16345 | -4/Factory | Build established: Scavenger-Skirmisher 16405 | -4/Factory | Discovered exit to Research (range 9) 16661 | -4/Factory | Entered Research 16661 | -3/Research | Evolved 2 slots: Propulsion x1, Utility x1 16664 | -3/Research | Loaded intel: 23 terminal locations 16764 | -3/Research | Identified System Mapper 16766 | -3/Research | Identified exit to Armory 16766 | -3/Research | Identified exit to Testing 16781 | -3/Research | Found Prototype Device 17006 | -3/Research | Discovered new exit (range 15) 17019 | -3/Research | System corruption reached 10% 17073 | -3/Research | Lost 3 parts (2n1u) 17285 | -3/Research | Identified Exp. Thermal Shield 17287 | -3/Research | Identified Exp. Targeting Computer 17349 | -3/Research | Build established: Scavenger-Gunner 18124 | -3/Research | System corruption reached 30% 18125 | -3/Research | Entered another Research area 18125 | -2/Research | Evolved 2 slots: Utility x2 18821 | -2/Research | System corruption reached 10% 18892 | -2/Research | Lost 3 parts (2p1u) 19145 | -2/Research | Incoming investigation squad redirected 19182 | -2/Research | Released all parts (10) 19189 | -2/Research | Discovered new exit (range 10) 19194 | -2/Research | Entered Quarantine 19209 | -2/Quarantine | Found Alien Reactor 19209 | -2/Quarantine | Identified Matter Drive 19212 | -2/Quarantine | Lost 14 parts (2p5n5u2w) 19241 | -2/Quarantine | Core integrity fell below 50% 19252 | -2/Quarantine | Found Alien Artifact 19252 | -2/Quarantine | Identified Subatomic Replicator 19274 | -2/Quarantine | Discovered new exit (range 11) 19304 | -2/Quarantine | Entered Access 19304 | -1/Access | Evolved 2 slots: Propulsion x2 19305 | -1/Access | Used Subatomic Replicator to replicate Hvy. Armored Exoskeleton 19830 | -1/Access | System corruption reached 10% 19870 | -1/Access | Destroyed 7 combat bots 20099 | -1/Access | Lost 7 parts (2p4u1w) 20137 | -1/Access | System corruption reached 30% 20358 | -1/Access | Lost 4 parts (1p3u) 20378 | -1/Access | Released all parts (8) 20378 | -1/Access | Spotted B-99 Colossus 20386 | -1/Access | Core integrity fell below 50% 20404 | -1/Access | Core integrity fell below 20% 20428 | -1/Access | Discovered new exit (range 7) 20431 | -1/Access | Entered Command 20434 | -1/Command | Lost 5 parts (3n2u) 20435 | -1/Command | Spotted B-99 Colossus 20444 | -1/Command | Destroyed by G-73 Enforcer with Phase Gun Last Messages --------------- 20431_ ALERT: Rogue bot within command proximity. Terminate immediately. 20434_ C-30 ARC bursts open, deploying its payload. 20434_ B-74 Champion unfolds itself. 20434_ G-73 Enforcer unfolds itself. 20436_ Penetrated by Slug. 20436_ Slug penetrates Wall. 20436_ Slug penetrates Door. 20436_ Slug penetrates Wall. 20437_ K-01 Serf collects debris. 20439_ Slug penetrates G-73 Enforcer. 20439_ Slug penetrates Wall. 20439_ Slug penetrates Repair Station. 20439_ Slug penetrates Wall. 20440_ K-01 Serf collects debris. 20441_ System corrupted: Heat flow error (+283). 20443_ Repair Station disabled. 20443_ Backup Propulsion VII tumbles out of repair station. 20443_ Unknown Protection tumbles out of repair station. 20443_ Slug penetrates Repair Station. 20444_ Critical hit (Burn: +37). Map ----- +----------------------------------------------------+ | ???# ?? #???????????????????????????? | | ???# #???????????????????????????? | | ???# "" #???????????????????????????? | | ???# """" #???????????????#???????????? | | ???# """" #?????????????? ??????????? | | ???# "" #?????????????? ????????? | | ???? #????????????? ????????? | | ?????? ?????????????? ????????? | | ??######+#########+##+## ?????????? | | ??# # ?????????? | | ??# + ?????????? | | ??######### %# ?????????????? | | ??????????# g "# ??????????????? | | ??????????# [[[ g " ???????????????? | | ??????????# [b[ #????????????????? | | ??????????# [[[ #????????????????? | | ??????????# ##???????????????? | | ??????????# "#???????????????? | | ?????????#" ###########??????? | | ????????# "" "" #????? | | ????????# "R"" ###???????????? | | ????????### !"""" #?????????????? | | ??????????# #?????????????? | | ??????????# ######????????? | | ???????? #????????? | | ????????## ##+###########@####+#????????? | | ?????????#??????????????# #?????????????? | | ????????????????????????# #?????????????? | | ????????????????????????# #?????????????? | | ???????????????????????? #?????????????? | | ????????????????????????#p#?????????????? | | ????????????????????????# #?????????????? | | ????????????????????????# #?????????????? | | ????????????????????????# #?????????????? | | ????????????????????????? ??????????????? | | ?????????????????????????#??????????????? | | ????????????????????????????????????????? | | ????????????????????????????????????????? | | ????????????????????????????????????????? | | ????????????????????????????????????????? | | ????????????????????????????????????????? | | ????????????????????????????????????????? | | ????????????????????????????????????????? | | ????????????????????????????????????????? | | ????????????????????????????????????????? | | ????????????????????????????????????????? | | ????????????????????????????????????????? | | ????????????????????????????????????????? | | ????????????????????????????????????????? | | ????????????????????????????????????????? | +----------------------------------------------------+ Best States ------------- Heat Dissipation 128 Coolant Potential 80 Energy Generation 75 Energy Capacity 925 Matter Stores 700 Matter Capacity 700 Sight Range 24 Robot Scan Range 16 Terrain Scan Range 16 Terrain Scan Density 210 Jamming Range 16 Cloak Strength 3 Base Temperature (-) 150 Armor Coverage 800 Resistance: TH 30 Utility Shielding 66 Weapon Cycling 25 Evasion (%) 63 Targeting Accuracy 28 Target Analysis 8 Recoil Reduction 5 Particle Charging 20 Offensive Hacking 20 Item Schematics ----------------- Combat Drone Bay | -6/Data Miner | Free Lgt. Regenerative Plating | -6/Data Miner | Free Cld. Nuclear Pulse Thruster | -6/Data Miner | Free Prc. Energy Filter | -6/Data Miner | Free Hvy. Proton Cannon | -6/Data Miner | Free Imp. Heavy Treads | -6/Data Miner | Free Lrn. Sensor Array | -6/Data Miner | Free Matter Neutralizer | -6/Data Miner | Free KE Penetrator | -6/Data Miner | Free Adv. Cryofiber Web | -6/Data Miner | Free Adv. Actuator Array | -6/Data Miner | Free Quantum Rifle | -6/Data Miner | Free Robot Schematics ------------------ L-41 Fighter | -6/Data Miner | Free R-10 Processor | -6/Data Miner | Free Y-64 Sentinel | -6/Data Miner | Free Fabricated ------------ Nothing Repaired ---------- Nothing Alien Tech Used ----------------- Core Expander Matter Drive Subatomic Replicator Achievements -------------- None Challenges ------------ None Game ------ Seed TerrainNuclearBotcube Manual? 0 Play Time 03:28:05 Cumulative 398.1 hours Start 2025.06.05 @ 15:02:30 End 2025.06.05 @ 22:01:57 Sessions 7 Manual Loads 0 Difficulty Rogue Special Mode None Game No. 454 Rogue 454 Adventurer 0 Explorer 0 Win Type - Total 37 Types 27/0/7/3/0/0/0/0/0/0 Lore% 75 Gallery% 70 Achievement% 62 Wizard Run 0 Options --------- Layout 0 ASCII 0 Keyboard 1 Movement Numpad Keybinds 0 Fullscreen 1 Font 24/Smallcaps Map View 76x50 Zoom Use 0% Tactical HUD 1 Map Filters NONE Filters NONE Steam 1 RUN: 580526f1-47d9-4940-bc7d-4b1367acf750